 Dungeon Crawl Stone Soup version 0.21.1-1-g345015f (webtiles) character file.

98 Mesmaeker13 the Charmwright (level 4, 0/38 HPs)
             Began as a Gnoll Skald on July 24, 2018.
             Slain by Natasha (5 damage)
             ... on level 2 of the Dungeon.
             The game lasted 00:01:55 (1155 turns).

Mesmaeker13 the Charmwright (Gnoll Skald)           Turns: 1155, Time: 00:01:56

Health: 0/38       AC:  5    Str: 14    XL:     4   Next: 69%
Magic:  11/11      EV: 13    Int: 16    God:
Gold:   83         SH:  0    Dex: 14    Spells: 12/13 levels left

rFire    . . .     SeeInvis .   a - +0 hand axe
rCold    . . .     Gourm    .   (no shield)
rNeg     . . .     Faith    .   j - +0 ring mail
rPois    .         Spirit   .   (no helmet)
rElec    .         Reflect  .   (no cloak)
rCorr    .         Harm     .   (no gloves)
MR       +....                  (no boots)
Stlth    +.........             (no amulet)
HPRegen  0.12/turn              h - ring of protection from magic
MPRegen  0.12/turn              (no ring)

@: no status effects
A: distributed training, fangs 1, strong nose
a: no special abilities


You were on level 2 of the Dungeon.
You were hungry.

You visited 1 branch of the dungeon, and saw 2 of its levels.

You collected 83 gold pieces.

Inventory:

Hand Weapons
 a - a +0 hand axe (weapon)
Armour
 j - a +0 ring mail (worn)
Jewellery
 h - a ring of protection from magic (left hand)
Books
 c - a book of Battle

   Spells                             Type                      Level
   a - Infusion                       Charms                       1
   b - Shroud of Golubria             Charms/Translocation         2
   c - Song of Slaying                Charms                       2
   d - Spectral Weapon                Hexes/Charms                 3
   e - Regeneration                   Charms/Necromancy            3
Comestibles
 d - 3 rations


   Skills:
 + Level 4.6 Fighting
 + Level 1.2 Short Blades
 + Level 1.2 Long Blades
 + Level 4.6 Axes
 + Level 1.2 Maces & Flails
 + Level 1.2 Polearms
 + Level 1.2 Staves
 + Level 1.2 Slings
 + Level 1.2 Bows
 + Level 1.2 Crossbows
 + Level 1.2 Throwing
 + Level 2.8 Armour
 + Level 4.6 Dodging
 + Level 1.2 Stealth
 + Level 1.2 Shields
 + Level 1.2 Unarmed Combat
 + Level 5.1 Spellcasting
 + Level 1.0 Conjurations
 + Level 1.0 Hexes
 + Level 5.5 Charms
 + Level 1.0 Summonings
 + Level 1.0 Necromancy
 + Level 1.0 Translocations
 + Level 1.0 Transmutations
 + Level 1.0 Fire Magic
 + Level 1.0 Ice Magic
 + Level 1.0 Air Magic
 + Level 1.0 Earth Magic
 + Level 1.0 Poison Magic
 + Level 1.3 Invocations
 + Level 1.2 Evocations


You had 12 spell levels left.
You knew the following spells:

 Your Spells              Type           Power        Failure   Level  Hunger
a - Infusion              Chrm           ###.         3%          1    None


Dungeon Overview and Level Annotations

Branches:
Dungeon (2/15)

Altars:

Annotations:
D:2 Natasha


Innate Abilities, Weirdness & Mutations

Your experience applies equally to all skills.
You have very sharp teeth.
Your uncanny sense of smell can sniff out nearby items.


Message History

Natasha is moderately wounded.
You closely miss the quokka. The quokka closely misses you. Natasha misses you.
The quokka bites you.
* * * LOW HITPOINT WARNING * * *
You completely miss Natasha.
Natasha is moderately wounded.
You hit the quokka but do no damage. Natasha closely misses you.
The quokka bites you but does no damage.
Unknown command.
You barely miss Natasha.
Natasha is moderately wounded.
You barely miss the quokka.
The quokka bites you but does no damage.
Natasha mumbles some strange words.
Natasha shimmers violently.
Natasha claws you but does no damage.
You barely miss the quokka. You bite the quokka, but do no damage.
The quokka is heavily wounded.
You closely miss Natasha. The quokka barely misses you. Natasha claws you.
You die...

#......<.....# ####.#
##########...##.# #.#
######.# #.# #.# ###.#
#)# #...###### #.#
#........##
#.####..........
#######
########.......#####.##
#.....#
#..†.r@h..###..# #
#.....#####.######..#
#<.# ......sS.S..# #..#
#..# #.....r###### #..#
#..# #......#### #.>#
#..# ###.......# #...
...# #...S...#
#..###... ∆ #.......#
∆...# #..# #.......#
#.## #..#


You could see Natasha and a quokka.

Vanquished Creatures
  Natasha (twice) (D:2)
  2 adders (D:2)
  A worm (D:2)
  A dart slug (D:1)
  2 leopard geckos
  2 giant cockroaches
  2 hobgoblins (D:1)
  3 jackals (D:2)
  A quokka (D:2)
  A ball python (D:1)
  2 bats (D:1)
  3 frilled lizards
  2 goblins
  A rat (D:1)
25 creatures vanquished.

Notes
Turn   | Place    | Note
-------+----------+-------------------------------------------
     0 | D:1      | Mesmaeker13 the Gnoll Skald began the quest for the Orb.
     0 | D:1      | Reached XP level 1. HP: 20/20 MP: 6/6
   188 | D:1      | Reached XP level 2. HP: 26/26 MP: 7/7
   601 | D:2      | Reached skill level 5 in Spellcasting
   601 | D:2      | Reached XP level 3. HP: 29/31 MP: 7/9
   789 | D:2      | Noticed Natasha
   801 | D:2      | Killed Natasha
   801 | D:2      | Reached skill level 1 in Short Blades
   801 | D:2      | Reached skill level 1 in Long Blades
   801 | D:2      | Reached skill level 1 in Maces & Flails
   801 | D:2      | Reached skill level 1 in Polearms
   801 | D:2      | Reached skill level 1 in Staves
   801 | D:2      | Reached skill level 1 in Slings
   801 | D:2      | Reached skill level 1 in Bows
   801 | D:2      | Reached skill level 1 in Crossbows
   801 | D:2      | Reached skill level 1 in Throwing
   801 | D:2      | Reached skill level 1 in Stealth
   801 | D:2      | Reached skill level 1 in Shields
   801 | D:2      | Reached skill level 1 in Unarmed Combat
   801 | D:2      | Reached skill level 1 in Invocations
   801 | D:2      | Reached skill level 1 in Evocations
  1088 | D:2      | Noticed Natasha
  1107 | D:2      | Reached XP level 4. HP: 33/38 MP: 11/11
  1130 | D:2      | Killed Natasha
  1137 | D:2      | Reached skill level 1 in Conjurations
  1137 | D:2      | Reached skill level 1 in Hexes
  1137 | D:2      | Reached skill level 1 in Summonings
  1137 | D:2      | Reached skill level 1 in Necromancy
  1137 | D:2      | Reached skill level 1 in Translocations
  1137 | D:2      | Reached skill level 1 in Transmutations
  1137 | D:2      | Reached skill level 1 in Fire Magic
  1137 | D:2      | Reached skill level 1 in Ice Magic
  1137 | D:2      | Reached skill level 1 in Air Magic
  1137 | D:2      | Reached skill level 1 in Earth Magic
  1137 | D:2      | Reached skill level 1 in Poison Magic
  1148 | D:2      | Noticed Natasha
  1155 | D:2      | Slain by Natasha

Skill      XL: |  1  2  3  4 |
---------------+-------------+-----
Spellcasting   | 5 |  5.1
Short Blades   | 1 |  1.2
Long Blades    | 1 |  1.2
Maces & Flails | 1 |  1.2
Polearms       | 1 |  1.2
Staves         | 1 |  1.2
Slings         | 1 |  1.2
Bows           | 1 |  1.2
Crossbows      | 1 |  1.2
Throwing       | 1 |  1.2
Stealth        | 1 |  1.2
Shields        | 1 |  1.2
Unarmed Combat | 1 |  1.2
Invocations    | 1 |  1.3
Evocations     | 1 |  1.2
Conjurations   | 1 |  1.0
Hexes          | 1 |  1.0
Summonings     | 1 |  1.0
Necromancy     | 1 |  1.0
Translocations | 1 |  1.0
Transmutations | 1 |  1.0
Fire Magic     | 1 |  1.0
Ice Magic      | 1 |  1.0
Air Magic      | 1 |  1.0
Earth Magic    | 1 |  1.0
Poison Magic   | 1 |  1.0
Fighting       | |  4.6
Axes           | |  4.6
Armour         | |  2.8
Dodging        | |  4.6
Charms         | |  5.5

Action                   |  1- 3 |  4- 6 || total
-------------------------+-------+-------++-------
Melee: Hand axe          |    80 |    37 ||   117
       Bite              |     6 |     3 ||     9
       Punch             |     1 |       ||     1
  Use: Potion            |     1 |     1 ||     2
       Scroll            |       |     2 ||     2
Armor: Leather armour    |     2 |       ||     2
       Ring mail         |    12 |    11 ||    23
Dodge: Dodged            |    65 |    36 ||   101
